 Dungeon Crawl Stone Soup version 0.30-a0-358-g0d69a1922f (webtiles) character file.

Game seed: 11943578675525327516

1062 Maxmaps the Martial Artist (level 8, -2/57 HPs)
             Began as an Octopode Monk on Nov 11, 2022.
             Killed from afar by a white imp (12 damage)
             ... with a puff of frost
             ... on level 5 of the Dungeon.
             The game lasted 00:08:48 (4949 turns).

Maxmaps the Martial Artist (Octopode Monk)          Turns: 4949, Time: 00:08:49

Health: -2/57      AC:  1    Str: 11    XL:     8   Next: 27%
Magic:  8/8        EV: 14    Int: 14    God:
Gold:   283        SH:  0    Dex: 14    Spells: 7/7 levels left

rFire   . . .      SeeInvis +      - Unarmed
rCold   . . .      Faith    .    (no shield)
rNeg    . . .      Spirit   .    (helmet restricted)
rPois   .          Reflect  .    (no amulet)
rElec   .          Harm     .    o - ring of see invisible
rCorr   .          Rampage  .    (no ring)
Will    .....                    (no ring)
Stlth   +++.......               (no ring)
HPRegen 0.29/turn                (no ring)
MPRegen 0.11/turn                (no ring)
                                 (no ring)
                                 (no ring)

@: no status effects
A: almost no armour, amphibious, 8 rings, camouflage 1, gelatinous body 1,
(nimble swimmer 1), tentacles
a: no special abilities


You were on level 5 of the Dungeon.
You visited 1 branch of the dungeon, and saw 5 of its levels.
You also visited: Ossuary.

You collected 283 gold pieces.

Inventory:

Jewellery
 o - a ring of see invisible (left tentacle)
Wands
 h - a wand of iceblast (9)
Scrolls
 b - a scroll of noise
 i - 3 scrolls of amnesia {unknown}
 n - a scroll of enchant armour
Potions
 a - a potion of ambrosia
 c - a potion of invisibility {unknown}
 d - 3 potions of curing
 e - 3 potions of degeneration {unknown}
 f - a potion of magic {unknown}
 g - 2 potions of mutation
 j - 2 potions of brilliance
 k - a potion of might
 l - a potion of haste {unknown}
 m - a potion of flight {unknown}


   Skills:
 - Level 6.0 Fighting
 + Level 3.2 Dodging
 - Level 2.6 Stealth
 - Level 8.3 Unarmed Combat


You had 7 spell levels left.
You didn't know any spells.
Your spell library contained the following spells:

 Spells                   Type           Power      Damage    Failure   Level
 Necrotise                Necr           0%         1d4       28%         1
 Vampiric Draining        Necr           0%         2d6       65%         3
 Vhi's Electric Charge    Tloc/Air       0%         N/A       65%         3
 Agony                    Necr           0%         N/A       100%        5
 Arcjolt                  Conj/Air       0%         1d10      100%        5
 Maxwell's Capacitive Co  Air            0%         ∞         100%        8


Dungeon Overview and Level Annotations

Branches:
Dungeon (5/15)            Ossuary (visited)
 Temple: D:4-7

Altars:
Cheibriados
Dithmenos
Elyvilon
Hepliaklqana
Sif Muna
Yredelemnul
Zin
The Shining One

Shops:
D:1 !


Innate Abilities, Weirdness & Mutations

You cannot wear most types of armour.
You are amphibious.
You can wear up to eight rings at the same time.
Your skin changes colour to match your surroundings (Stealth+).
Your rubbery body absorbs attacks. (AC +1, EV +1)
((You are camouflaged when in or above water. (Stealth+)))
You have tentacles for arms and can constrict up to eight enemies at once.


Message History

You tentacle-slap the hound. You squeeze the hound!
The hound is almost dead.
You constrict the hound. The hound misses you.
You bludgeon the hound!
You kill the hound!
No target in view!
No target in view!
No target in view!
A dart slug comes into view.
A dart slug is nearby!
A dart slug is nearby!
The helpless dart slug fails to defend itself.
You bludgeon the dart slug!
You kill the dart slug!
An ogre comes into view. It is wielding a +0 giant club.
A white imp comes into view.
You barely miss the ogre.
The ogre hits you with a +0 giant club!!
You hear a shout!
You tentacle-slap the ogre. You squeeze the ogre.
The ogre is moderately wounded.
You bludgeon the ogre!
The ogre is severely wounded.
The ogre hits you with a +0 giant club!!
* * * LOW HITPOINT WARNING * * *
You are too injured to fight recklessly!
You are too injured to fight recklessly!
You are too injured to fight recklessly!
You are too injured to fight recklessly!
You are too injured to fight recklessly!
You are too injured to fight recklessly!
You are too injured to fight recklessly!
You are too injured to fight recklessly!
You are too injured to fight recklessly!
You are too injured to fight recklessly!
You tentacle-slap the ogre.
The ogre is almost dead.
The white imp gestures at you. The puff of frost hits you!
You die...

#. #. # #.
#. #. #.##.
##### #(.<.
##'###...
#.#)#
..5....O# #
#.. #.@#
### #..# #.
#+##
####..# #.
....#.....#
....
#..#.###.#
..####
#..#.....#
#..
#........#
#..
##...###.#
#.# ###..
###.....#
#.# .....


You could see an ogre and a white imp.

Vanquished Creatures
  Grinder (D:5)
  Menkaure (D:5)
  An ogre (D:4)
  A phantom (D:4)
  2 scorpions (D:4)
  A howler monkey (D:4)
  A jelly (D:4)
  A hound (D:5)
  An iron imp (D:4)
  Jessica (D:2)
  3 orc wizards
  A mummy (Ossuary)
  Robin (D:2)
  8 adders
  An ufetubus (D:3)
  A worm (D:5)
  4 dart slugs
  10 orcs
  A spectral bat (Ossuary)
  2 ball pythons
  4 endoplasms
  4 giant cockroaches
  14 goblins
  8 hobgoblins
  9 jackals
  3 quokkas
  A bat (D:3)
  2 bat simulacra (Ossuary)
  4 frilled lizards
  12 gnoll zombies (Ossuary)
  A goblin simulacrum (Ossuary)
  4 goblin zombies (Ossuary)
  6 hobgoblin zombies (Ossuary)
  5 kobolds
  3 kobold simulacra (Ossuary)
  3 kobold zombies (Ossuary)
  5 orc zombies (Ossuary)
  3 rats
  7 rat simulacra (Ossuary)
  4 spectral goblins (Ossuary)
  A spectral kobold (Ossuary)
  A spectral orc (D:3)
  3 spectral rats (Ossuary)
150 creatures vanquished.

Notes
Turn   | Place    | Note
-------+----------+-------------------------------------------
     0 | D:1      | Maxmaps the Octopode Monk began the quest for the Orb.
     0 | D:1      | Reached XP level 1. HP: 16/16 MP: 1/1
   194 | D:1      | Reached XP level 2. HP: 21/21 MP: 2/2
   211 | D:1      | Found Saklya's Distillery.
   258 | D:1      | You fall into a shaft and drop 1 floor!
   288 | D:2      | Noticed Jessica
   293 | D:2      | Killed Jessica
   294 | D:2      | Reached XP level 3. HP: 25/27 MP: 3/3
  1083 | D:2      | Noticed Robin
  1116 | D:2      | Killed Robin
  1117 | D:2      | Reached XP level 4. HP: 22/34 MP: 4/4
  1571 | D:3      | Reached skill level 5 in Fighting
  1763 | D:3      | Found a shadowy altar of Dithmenos.
  1931 | D:3      | Found a shimmering blue altar of Sif Muna.
  1963 | D:3      | Reached XP level 5. HP: 32/40 MP: 5/5
  2304 | D:3      | Found a glowing golden altar of the Shining One.
  2304 | D:3      | Found a glowing silver altar of Zin.
  2304 | D:3      | Found a white marble altar of Elyvilon.
  2522 | D:3      | Found a basalt altar of Yredelemnul.
  2559 | D:4      | Noticed a phantom
  2581 | D:4      | Killed a phantom
  2582 | D:4      | Reached skill level 4 in Unarmed Combat
  2582 | D:4      | Reached XP level 6. HP: 8/46 MP: 6/6
  2663 | D:4      | Found a sand-covered staircase.
  2704 | Ossuary  | Entered an ossuary
  3536 | D:4      | Reached skill level 5 in Unarmed Combat
  3598 | D:4      | Reached XP level 7. HP: 16/52 MP: 7/7
  3915 | D:4      | Reached skill level 6 in Unarmed Combat
  4099 | D:4      | Found a hazy altar of Hepliaklqana.
  4558 | D:4      | Found a snail-covered altar of Cheibriados.
  4679 | D:5      | Entered Level 5 of the Dungeon
  4748 | D:5      | Reached skill level 7 in Unarmed Combat
  4751 | D:5      | Noticed Menkaure
  4754 | D:5      | Killed Menkaure
  4867 | D:5      | Noticed Grinder
  4874 | D:5      | Killed Grinder
  4875 | D:5      | Reached skill level 8 in Unarmed Combat
  4875 | D:5      | Reached XP level 8. HP: 50/57 MP: 8/8
  4949 | D:5      | Killed from afar by a white imp

Illustrated notes

Levels and vault maps discovered:
D:1:      minmay_arrival_four_circles, layout_basic, serial_shops,
          nicolae_shop_window_shopping
D:2:      layout_loops_ring, uniq_robin, uniq_jessica
D:3:      layout_rooms, dreamdust_divine_triumvirate,
          yredelemnul_forgotten_temple_becter, mainiacjoe_overflow_alcove_2,
          lemuel_blue_sif_altar, minmay_divided_ellipse
D:4:      layout_basic, mainiacjoe_overflow_alcove_1, slow_altar_2,
          nicolae_ossuary_entry_plus
D:5:      layout_basic, uniq_grinder, uniq_menkaure

Skill      XL: |  1  2  3  4  5  6  7 |
---------------+----------------------+-----
Fighting       | 4 5 6 |  6.0
Unarmed Combat | 4 5 8 |  8.3
Dodging        | |  3.2
Stealth        | |  2.6

Action                   |  1- 3 |  4- 6 |  7- 9 || total
-------------------------+-------+-------+-------++-------
Melee: Unarmed           |    43 |   256 |    83 ||   382
       Constrict         |    15 |    57 |    19 ||    91
       Tentacles         |    10 |    49 |    28 ||    87
       Punch             |       |    10 |     5 ||    15
  Use: Scroll            |       |    11 |       ||    11
       Potion            |       |     1 |     3 ||     4
 Stab: Sleeping          |     6 |    21 |     3 ||    30
       Distracted        |       |       |     1 ||     1
Armor: Skin              |       |    18 |     2 ||    20
Dodge: Dodged            |    23 |   146 |    58 ||   227

Table legend: (Time is in decaauts)
 A = Elapsed time spent in this place.
 B = Non-inter-level travel time spent in this place.
 C = Inter-level travel time spent in this place.
 D = Time resting spent in this place.
 E = Time spent auto-exploring this place.
 F = Levels seen in this place.
 G = Mean time per level.
                   A        B        C        D        E       F      G
               +--------+--------+--------+--------+--------+-----+--------+
         Total |   4930 |   4798 |    132 |    884 |   2679 |   6 |  821.7 |
       Dungeon |   4176 |   4044 |    132 |    677 |   2566 |   5 |  835.2 |
       Ossuary |    753 |    753 |      0 |    207 |    113 |   1 |  753.0 |
               +--------+--------+--------+--------+--------+-----+--------+

Top non-repeatable levels by time:
     D:4: 1372 daAuts
     D:3: 920 daAuts
     D:2: 892 daAuts
 Ossuary: 753 daAuts
     D:1: 727 daAuts
     D:5: 265 daAuts
